Map: Eflorescencia EE

Players

Chances - Winner!

  • Race: Terran Terran
  • Spawn Location: 12:00

VenomNxtGen - Winner!

  • Race: Protoss Protoss
  • Spawn Location: 3:00

MrFercho

  • Race: Zerg Zerg
  • League: Gold
  • Spawn Location: 6:00

tigro

  • Race: Terran Terran
  • League: Bronze
  • Spawn Location: 9:00

VOD

Have the link to the VOD?

Description

Time

  • Played on: Aug. 23, 2020, 9:19 p.m.
  • Length: 12:13
Show
View Real Time Build Order
Export as new Build Order

Chances Terran - Winner!

Build Orders: Gas First Reaper Expand 

Get SALT Encoding   

  12  0:02  SCV  
  13  0:15  SCV  
  13  0:19  Supply Depot  
  14  0:27  SCV  
  15  0:34  Refinery  
  15  0:42  Barracks  
  15  0:46  SCV  
  16  0:58  SCV  
  17  1:10  SCV  
  18  1:22  SCV  
  19  1:30  Reaper  
  20  1:40  Command Center  
  20  1:48  Orbital Command  
  20  2:05  Marine  
  20  2:06  Supply Depot  
  21  2:15  SCV  
  22  2:27  SCV  
  23  2:36  Factory  
  23  2:39  SCV  
  23  2:46  Refinery  
  23  2:51  SCV  
  23  2:54  Refinery, SCV  
  25  3:06  Bunker, SCV  
  25  3:10  Marine  
  25  3:12  SCV  
  28  3:20  SCV  
  28  3:24  Factory Tech Lab, SCV  
  30  3:27  Starport  
  30  3:32  SCV  
  31  3:36  SCV  
  32  3:44  SCV  
  32  3:45  Refinery  
  33  3:48  SCV  
  34  3:56  Marine  
  34  3:59  Factory Tech Lab  
  34  4:01  SCV  
  36  4:12  Cloaking Field, Supply Depot  
  36  4:14  Marine, Banshee  
  40  4:18  SCV  
  41  4:25  Siege Tank  
  41  4:29  SCV  
  41  4:31  SCV  
  46  4:33  Marine  
  47  4:42  SCV  
  47  4:43  SCV  
  49  4:54  SCV  
  49  4:55  SCV  
  49  4:56  Command Center  
  49  4:57  Banshee  
  54  5:04  Starport  
  54  5:18  Supply Depot  
  54  5:29  SCV, Siege Tank  
  54  5:31  SCV  
  59  5:41  SCV  
  60  5:43  Supply Depot, SCV  
  58  6:01  Starport, Siege Tank, Starport Tech Lab  
  61  6:07  Starport  
  61  6:13  SCV  
  61  6:14  Refinery  
  62  6:24  SCV  
  62  6:25  SCV  
  64  6:32  Refinery  
  64  6:33  SCV  
  64  6:37  SCV  
  66  6:49  SCV  
  67  7:01  SCV  
  68  7:11  Starport Tech Lab  
  68  7:13  SCV  
  69  7:16  Starport Tech Lab  
  69  7:17  Fusion Core  
  66  7:59  SCV  
  67  8:11  SCV  
  68  8:13  Battlecruiser x3  
  68  8:14  Battlecruiser  
  68  8:18  Starport  
  93  8:33  SCV  
  93  8:52  SCV  
  94  8:57  Supply Depot, Command Center  
  94  9:06  Engineering Bay, Starport Tech Lab  
  94  9:14  SCV  
  95  9:17  Battlecruiser  
  95  9:19  Battlecruiser  
  95  9:20  Supply Depot, Orbital Command  
  113  9:38  Battlecruiser  
  113  9:42  Battlecruiser x2  
  113  9:43  Armory  
  113  9:44  Supply Depot  
  125  9:48  Planetary Fortress  
  125  10:01  SCV  
  126  10:07  Supply Depot  
  126  10:13  SCV  
  127  10:19  Planetary Fortress  
  127  10:20  Refinery  
  127  10:27  Battlecruiser  
  133  10:30  Supply Depot  
  133  10:31  Armory  
  133  10:52  Supply Depot  
Show
View Real Time Build Order
Export as new Build Order

VenomNxtGen Protoss - Winner!

Build Orders:  

Get SALT Encoding   

  12  0:02  Probe (Chrono Boost)  
  13  0:22  Pylon  
  13  0:24  Probe  
  14  0:36  Probe  
  15  0:42  Gateway  
  15  0:48  Probe  
  16  1:02  Pylon  
  16  1:05  Gateway  
  16  1:09  Probe  
  17  1:16  Assimilator  
  17  1:26  Assimilator  
  18  1:32  Probe  
  18  1:44  Cybernetics Core  
  18  1:45  Probe (Chrono Boost)  
  20  1:54  Probe (Chrono Boost)  
  20  1:59  Probe (Chrono Boost)  
  21  2:09  Zealot x2  
  21  2:11  Probe  
  21  2:13  Assimilator  
  26  2:23  Warp Gate (Chrono Boost), Probe  
  27  2:38  Robotics Facility  
  27  2:48  Probe  
  27  2:50  Stalker  
  30  2:59  Pylon  
  30  3:02  Pylon  
  30  3:04  Probe  
  31  3:11  Gateway  
  31  3:30  Probe  
  31  3:32  Observer  
  33  3:43  Probe  
  33  3:44  Nexus  
  35  4:02  Probe  
  35  4:12  Immortal  
  35  4:15  Probe  
  35  4:17  Pylon  
  40  4:24  Zealot  
  40  4:26  Zealot  
  40  4:27  Probe  
  45  4:52  Probe (Chrono Boost)  
  46  4:54  Immortal  
  46  4:56  Zealot  
  46  4:57  Zealot  
  54  5:04  Probe (Chrono Boost)  
  54  5:06  Probe (Chrono Boost)  
  56  5:15  Zealot  
  58  5:39  Zealot x3  
  58  5:41  Immortal  
  68  6:07  Robotics Facility  
  68  6:08  Forge  
  68  6:11  Pylon, Probe  
  68  6:12  Probe  
  68  6:14  Pylon  
  68  6:17  Assimilator  
  68  6:18  Pylon  
  70  6:21  Assimilator  
  70  6:23  Probe  
  70  6:29  Probe  
  70  6:32  Zealot  
  73  6:33  Zealot x2  
  73  6:36  Probe  
  78  6:51  Zealot  
  78  6:52  Zealot  
  53  7:10  Stalker x3  
  53  7:14  Immortal x2  
  67  7:25  Pylon  
  67  7:38  Zealot  
  67  7:39  Zealot x2  
  73  7:49  Photon Cannon  
  73  7:50  Photon Cannon  
  73  7:53  Photon Cannon  
  73  7:59  Zealot x2  
  73  8:00  Zealot  
  73  8:04  Immortal  
  83  8:33  Protoss Ground Weapons Level 1 (Chrono Boost)  
  83  8:34  Nexus  
  83  8:47  Gateway x2  
  83  8:53  Observer x2  
  85  9:08  Pylon  
  85  9:11  Pylon  
  85  9:14  Pylon  
  85  9:29  Immortal  
  85  9:30  Immortal  
  93  9:37  Stalker x2  
  97  9:39  Stalker  
  97  9:44  Zealot  
  101  9:51  Probe (Chrono Boost)  
  104  9:53  Probe (Chrono Boost)  
  104  9:54  Probe (Chrono Boost)  
  105  10:01  Probe (Chrono Boost)  
  105  10:03  Probe (Chrono Boost)  
  107  10:09  Probe (Chrono Boost)  
  107  10:12  Probe (Chrono Boost)  
  109  10:15  Probe (Chrono Boost)  
  109  10:18  Twilight Council  
  109  10:24  Zealot x2  
  109  10:25  Zealot  
  115  10:37  Zealot x2  
  119  11:11  Stalker  
  119  11:12  Stalker  
  119  11:13  Zealot x2  
  119  11:14  Zealot  
  129  11:19  Immortal x2  
  129  11:22  Probe x3  
  134  11:59  Probe  
Show
View Real Time Build Order
Export as new Build Order

MrFercho Zerg 

Build Orders: Hatch First, Lurkers 

Get SALT Encoding   

  12  0:01  Drone  
  13  0:18  Overlord  
  13  0:19  Drone  
  14  0:36  Drone x2  
  16  0:56  Drone  
  17  0:59  Hatchery  
  17  1:00  Drone  
  17  1:03  Drone  
  18  1:15  Extractor  
  17  1:20  Spawning Pool  
  17  1:24  Drone  
  17  1:26  Drone  
  18  1:35  Drone  
  19  1:51  Drone  
  20  1:57  Overlord  
  20  2:10  Queen  
  20  2:15  Queen  
  22  2:16  Zergling x2  
  22  2:17  Zergling x2  
  22  2:20  Drone  
  27  2:23  Drone  
  28  2:36  Metabolic Boost  
  28  2:39  Drone x2  
  30  2:45  Overlord  
  30  2:46  Drone  
  30  2:50  Drone  
  32  2:54  Drone  
  33  3:00  Drone  
  34  3:06  Drone  
  34  3:07  Evolution Chamber  
  34  3:10  Overlord  
  34  3:16  Drone  
  35  3:23  Drone x3  
  38  3:30  Drone x2  
  38  3:33  Zerg Melee Weapons Level 1  
  40  3:41  Lair  
  40  3:48  Drone  
  41  3:50  Zergling x2  
  41  3:51  Zergling x8  
  46  3:58  Baneling Nest  
  46  3:59  Drone  
  46  4:04  Drone  
  46  4:08  Overlord  
  46  4:09  Zergling x6  
  50  4:16  Zergling x4  
  52  4:18  Overlord  
  52  4:19  Overlord  
  52  4:30  Overlord  
  52  4:31  Zergling x2  
  53  4:33  Queen  
  55  4:40  Zergling x2  
  55  4:41  Zergling x2  
  55  4:42  Hatchery  
  56  4:48  Zergling x4  
  58  5:00  Zergling x4  
  58  5:05  Zergling x6  
  63  5:12  Zergling x6  
  63  5:13  Zergling x2  
  67  5:26  Overlord  
  67  5:28  Zergling x2  
  68  5:32  Zerg Melee Weapons Level 2  
  68  5:33  Zergling x2  
  68  5:34  Zergling x4  
  71  5:41  Zergling x6  
  71  5:42  Zergling x2  
  75  5:44  Overseer  
  75  5:48  Zergling x2  
  76  5:52  Spore Crawler  
  76  5:56  Drone, Spore Crawler  
  75  5:58  Drone  
  75  6:01  Overseer  
  76  6:04  Zergling x6  
  76  6:05  Zergling x8  
  83  6:18  Pneumatized Carapace  
  83  6:22  Zergling x10  
  81  6:45  Zergling x16  
  81  6:46  Zergling x4  
  61  6:58  Hydralisk Den  
  57  7:03  Hatchery, Drone  
  57  7:04  Drone x6  
  57  7:05  Drone x3  
  64  7:08  Extractor  
  64  7:09  Extractor  
  58  7:24  Spore Crawler  
  58  7:26  Drone x2  
  58  7:27  Drone x5  
  60  7:43  Drone  
  60  7:44  Drone x2  
  63  7:51  Zerg Missile Weapons Level 1  
  63  8:14  Extractor  
  63  8:16  Lurker Den  
  63  8:17  Drone x3  
  64  8:21  Drone x3  
  64  8:22  Extractor, Drone x3  
  64  8:25  Extractor  
  68  8:45  Muscular Augments  
  68  8:50  Drone x6  
  68  8:54  Spore Crawler  
  73  8:57  Spine Crawler  
  72  9:03  Spine Crawler  
  72  9:08  Spire  
  70  9:10  Hydralisk x3  
  70  9:13  Overlord  
  70  9:14  Overlord x4  
  76  9:22  Hatchery  
  75  9:33  Overlord x2  
  75  9:34  Overlord  
  75  9:41  Hydralisk  
  75  9:42  Hydralisk x6  
  89  9:48  Drone x3  
  92  9:57  Grooved Spines  
  92  10:04  Lurker  
  93  10:12  Drone x5  
  93  10:13  Hydralisk x2, Drone x2  
  102  10:15  Zergling x2  
  102  10:16  Zergling x8  
  109  10:24  Mutalisk  
  111  10:31  Hatchery  
  110  10:49  Lurker x4  
  113  11:07  Hydralisk x4  
  120  11:26  Hydralisk  
  120  11:28  Infestation Pit  
Show
View Real Time Build Order
Export as new Build Order

tigro Terran 

Build Orders:  

Get SALT Encoding   

  12  0:15  SCV  
  12  0:21  Supply Depot  
  13  0:27  SCV  
  14  0:40  SCV  
  15  0:43  Supply Depot  
  15  0:50  Barracks  
  15  0:52  SCV  
  16  0:59  Refinery  
  16  1:37  SCV  
  16  1:39  Marine  
  18  1:49  SCV, Refinery  
  19  1:57  Marine  
  20  2:01  SCV  
  21  2:13  SCV  
  21  2:14  Marine  
  23  2:25  SCV  
  24  2:32  Marine  
  25  2:50  Marine  
  26  3:03  SCV  
  27  3:13  Factory  
  27  3:15  SCV  
  27  3:19  Barracks Tech Lab  
  28  3:28  SCV  
  29  3:37  Engineering Bay  
  29  3:40  Orbital Command  
  29  3:45  Marine  
  29  3:47  Combat Shield  
  30  3:58  Factory Tech Lab  
  30  4:03  Marine  
  31  4:11  Starport  
  31  4:20  Marine  
  31  4:21  Siege Tank  
  35  4:28  Missile Turret  
  35  4:38  Marine  
  35  4:40  Terran Infantry Weapons Level 1  
  36  4:49  Medivac  
  36  4:51  Missile Turret  
  38  4:56  Marine  
  39  5:06  Stimpack  
  39  5:13  Missile Turret  
  39  5:18  Command Center  
  39  5:30  Marine, Siege Tank  
  43  5:48  Marine  
  44  5:51  Missile Turret  
  44  6:06  Marine  
  45  6:23  Marine  
  46  6:25  Missile Turret  
  46  6:33  Refinery  
  46  6:41  Marine  
  45  6:59  Marine  
  33  7:17  Marine  
  34  7:35  Marine  
  35  7:52  Marine  
  35  7:56  Planetary Fortress  
  36  8:00  Cyclone  
  39  8:10  Marine  
  41  8:12  SCV  
  41  8:13  Refinery  
  41  8:23  Terran Infantry Armor Level 1  
  41  8:24  SCV  
  41  8:26  Starport Tech Lab  
  42  8:28  Marine  
  42  8:32  Cyclone  
  46  8:37  SCV  
  47  8:46  Marine  
  48  8:49  SCV  
  49  9:00  SCV  
  49  9:01  SCV  
  51  9:04  Marine, Cyclone  
  55  9:12  SCV  
  56  9:21  Supply Depot  
  56  9:24  Supply Depot, SCV  
  57  9:32  Marine  
  57  9:36  Cyclone  
  57  9:37  SCV  
  62  9:42  Armory  
  62  9:44  Supply Depot  
  62  9:48  Supply Depot  
  62  9:49  SCV  
  62  9:50  Marine  
  64  10:01  SCV  
  65  10:07  Supply Depot  
  65  10:08  Marine, Cyclone  
  65  10:13  SCV  
  70  10:17  Neosteel Armor  
  70  10:25  SCV  
  70  10:26  Marine  
  72  10:29  Fusion Core  
  72  10:37  SCV  
  72  10:40  Cyclone  
  76  10:44  Marine  
  77  11:01  Marine  
  77  11:13  Cyclone  
  64  11:19  Marine  
  52  11:37  Marine  
  49  11:55  Marine  
Tags
 
Add a new tag
Caveats
  • Supply blocks, unpowered buildings, or Contaminate may cause inaccurate times.
  • Supply counts are checked every 10 seconds.